AoeStats
← [GG] Shevchenko 7

Arabia

508323464Analyzed
3v3 RM · 12d ago on Sep 21, 2026· 48m 44s· 6 players
Game mode
Random Map
Map size
Normal (6 player)
Population
200
Speed
Normal
Resources
Standard
Victory
Conquest
Starting age
Dark Age
Ending age
Imperial Age
RankedLock teamsTeams togetherTeam positionsShared explorationLock speedFull tech treeHidden civsTurbo modeCheats
Victory
Defeat
1017
+12
🇧🇷 Malians · Brazil
1009
+12
🇧🇷 Franks · Brazil
963
+14
🇦🇷 Portuguese · Argentina
948
-13
🇦🇷 Ethiopians · Argentina
946
-14
🇦🇷 Byzantines · Argentina
876
-11
[GG] Raúl González Blanco
10:34 Feudal Age
12:14 Loom
14:37 Bloodlines
19:11 Castle Age
23:13 Town Watch
27:34 Fletching
28:41 Kamandaran
30:09 Town Patrol
[GG] Shevchenko 7
11:02 Feudal Age
10:02 Loom
13:03 Double-Bit Axe
14:05 Wheelbarrow
13:58 Scale Barding Armor
21:50 Castle Age
23:26 Bow Saw
27:09 Hand Cart
27:21 Chain Barding Armor
27:12 Forging
28:05 Husbandry
28:07 Scale Mail Armor
29:07 Fletching
30:54 Light Cavalry
35:08 Imperial Age
34:25 Iron Casting
37:07 Plate Barding Armor
39:20 Fletching
39:31 Padded Archer Armor
40:32 Blast Furnace
39:47 Chain Mail Armor
39:34 Gold Mining
39:35 Stone Mining
40:30 Cavalier
41:53 Ballistics
41:29 Murder Holes
44:24 Plate Mail Armor
43:49 Bodkin Arrow
44:10 Leather Archer Armor
46:10 #83
45:51 Chivalry
46:15 Conscription
47:41 Paladin
[GG] Trezeguet
7:21 Loom
10:49 Feudal Age
12:49 Double-Bit Axe
20:27 Castle Age
19:10 Gold Mining
19:02 Horse Collar
19:19 Stone Mining
19:54 Scale Mail Armor
20:42 Scale Barding Armor
21:18 Wheelbarrow
21:43 Chain Mail Armor
21:46 Heavy Plow
25:23 Bow Saw
31:34 Imperial Age
30:12 Forging
29:52 Fletching
30:03 Padded Archer Armor
30:28 Ballistics
31:05 Hand Cart
31:54 Gold Shaft Mining
31:57 Stone Shaft Mining
32:09 Iron Casting
33:44 Bloodlines
32:54 Light Cavalry
33:35 Husbandry
37:11 Bodkin Arrow
41:45 Chain Barding Armor
TURCOLLINS
10:23 Feudal Age
13:31 Loom
20:31 Castle Age
22:25 Crossbowman
23:15 Double-Bit Axe
23:18 Horse Collar
29:35 Fletching
35:31 Gold Mining
35:39 Stone Mining
43:49 Imperial Age
42:38 Bodkin Arrow
42:44 Padded Archer Armor
46:02 Conscription
45:47 Bracer
46:49 Chemistry
46:56 Heavy Plow
47:07 Bow Saw
47:16 Leather Archer Armor
47:41 Halberdier
49:10 Squires
IdlePlebeyo
1:42 Loom
9:54 Feudal Age
13:48 Double-Bit Axe
17:42 Man-at-Arms
24:38 Castle Age
23:26 Horse Collar
25:24 Pikeman
26:08 Squires
29:13 Forging
35:35 Imperial Age
35:41 Imperial Age
34:31 Bow Saw
34:17 Stone Mining
34:22 Gold Mining
38:21 Two-Man Saw
38:04 Elite Skirmisher
38:51 Thumb Ring
42:07 Chemistry
41:29 Ballistics
40:56 Arrowslits
41:08 Murder Holes
42:00 Conscription
43:33 Wheelbarrow
46:50 Fletching
47:03 Padded Archer Armor
47:36 Halberdier
Bitchslap
7:34 Loom
10:59 Feudal Age
14:09 Double-Bit Axe
19:18 Castle Age
18:02 Gold Mining
20:06 Scale Mail Armor
19:30 Pikeman
19:56 Gambesons
25:26 Bow Saw
24:57 Horse Collar
25:17 Stone Mining
30:09 Forging
30:14 Chain Mail Armor
32:46 Town Watch
39:23 Crossbowman
39:58 Fletching
40:08 Padded Archer Armor
43:17 Bodkin Arrow
Connection lost

Rejoining the realm…

Still unreachable

The connection could not be restored.

Session expired

The server has moved on; the page needs a fresh start.